 Dungeon Crawl Stone Soup version 0.31-a0-986-g5e6e4ef867 (webtiles) character file.

Game seed: 11819441368526527748

20 Dordric the Changeling (level 2, 0/12 HPs)
             Began as an Octopode Shapeshifter on Nov 6, 2023.
             Slain by a gnoll
             ... wielding a +0 flail
              (12 damage)
             ... on level 1 of the Dungeon.
             The game lasted 00:00:28 (523 turns).

Dordric the Changeling (Octopode Shapeshifter)       Turns: 523, Time: 00:00:29

Health: 0/12       AC:  1    Str: 13    XL:     2   Next: 79%
Magic:  2/2        EV: 13    Int: 12    God:
Gold:   26         SH:  0    Dex: 11    Spells: 1/1 levels left

rFire   . .          .
                       - Unarmed
rCold   . . .        (shield currently unavailable)
rNeg    . . .        (helmet restricted)
rPois   +            (no amulet)
rElec   .            d - ring of poison resistance
rCorr   .            (no ring)
SInv    .            (no ring)
Will    .....        (no ring)
Stlth   +            (no ring)
HPRegen 0.22/turn    (no ring)
MPRegen 0.08/turn    (no ring)
                     (no ring)

%: no passive effects
@: flux-form, glowing
A: glow, contaminating, reduced hp, almost no armour, amphibious, 8 rings,
camouflage 1, gelatinous body 1, (nimble swimmer 1), tentacles
a: Begin Untransformation


You were on level 1 of the Dungeon.
You were something dangerously unstable.
You visited 1 branch of the dungeon, and saw 1 of its levels.

You collected 26 gold pieces.

Inventory:

Jewellery
 d - a ring of poison resistance (left tentacle)
Talismans
 b - a beast talisman
 c - a flux talisman (active)
Scrolls
 g - a scroll of identify {unknown}
Potions
 a - a potion of lignification
 e - 2 potions of might {unknown}
 f - a potion of haste {unknown}


   Skills:
 - Level 1.0 Fighting
 - Level 2.0 Dodging
 - Level 3.0 Unarmed Combat
 + Level 3.8 Shapeshifting


You had one spell level left.
You didn't know any spells.
Your spell library was empty.

Dungeon Overview and Level Annotations

Branches:
Dungeon (1/15)

Altars:


Innate Abilities, Weirdness & Mutations

You are something dangerously unstable.
You glow with magical radiation, making you easy to see and hit.
Foes you strike become dangerously contaminated with magical radiation.
Your maximum health is decreased, since you lack skill for your form.
You are incapable of wielding weapons or throwing items.
You cannot wear most types of armour.
You are amphibious.
You can wear up to eight rings at the same time.
Your skin changes colour to match your surroundings (Stealth+).
Your rubbery body absorbs attacks. (AC +1, EV +1)
((You are camouflaged when in or above water. (Stealth+)))
You have tentacles for arms and can constrict up to eight enemies at once.


Message History

You constrict the jackal, but do no damage.
The jackal misses you.
You tentacle-slap the jackal.
You kill the jackal!
You completely miss the jackal. You grab the jackal. You squeeze the jackal.
The jackal is moderately wounded.
You constrict the jackal. The jackal closely misses you. x2
You barely miss the jackal.
The jackal is heavily wounded.
You constrict the jackal. The jackal closely misses you.
You tentacle-slap the jackal but do no damage.
The jackal begins to glow.
The jackal is almost dead.
You constrict the jackal.
You kill the jackal!
You closely miss the frilled lizard. You grab the frilled lizard.
You squeeze the frilled lizard.
The frilled lizard is heavily wounded.
You constrict the frilled lizard, but do no damage.
The frilled lizard closely misses you.
You tentacle-slap the frilled lizard.
You kill the frilled lizard!
No target in view!
No target in view!
No target in view!
No target in view!
No target in view!
No target in view!
No target in view!
No target in view!
Items here: ††††.
You see here a beast talisman.
Found 7 stones.
A gnoll comes into view. It is wielding a +0 flail.
A gnoll is nearby!
A gnoll is nearby!
Found a leather armour.
The gnoll hits you with a +0 flail!
Ouch! That really hurt!
You die...

######################
................pg(..#
##########.###.##.....#
#.# #.# .[....# #.# #..
....... #.#####........
#.#.## #.....#.
##########..#.####...##
#...................##
#.#########...#####


You could see a gnoll.

Vanquished Creatures
  3 hobgoblins (D:1)
  9 jackals (D:1)
  A bat (D:1)
  A frilled lizard (D:1)
  2 kobolds (D:1)
16 creatures vanquished.

Notes
Turn   | Place    | Note
-------+----------+-------------------------------------------
     0 | D:1      | Dordric the Octopode Shapeshifter began the quest for the
                  | Orb.
     0 | D:1      | Reached XP level 1. HP: 13/13 MP: 1/1
   174 | D:1      | Reached XP level 2. HP: 11/18 MP: 2/2
   523 | D:1      | Slain by a gnoll

Illustrated notes

Levels and vault maps discovered:
D:1:      minmay_arrival_diagonal_passages, layout_loops_ring

Action                     || total
---------------------------++-------
  Melee: Unarmed           ||    34
         Constrict         ||    16
         Tentacles         ||     9
         Punch             ||     1
 Armour: Skin              ||    12
  Dodge: Dodged            ||    21
   Form: Flux              ||     1

Table legend: (Time is in decaauts)
 A = Elapsed time spent in this place.
 B = Non-inter-level travel time spent in this place.
 C = Inter-level travel time spent in this place.
 D = Time resting spent in this place.
 E = Time spent auto-exploring this place.
 F = Levels seen in this place.
 G = Mean time per level.
                   A        B        C        D        E       F      G
               +--------+--------+--------+--------+--------+-----+--------+
         Total |    520 |    520 |      0 |      0 |    442 |   1 |  520.0 |
       Dungeon |    520 |    520 |      0 |      0 |    442 |   1 |  520.0 |
               +--------+--------+--------+--------+--------+-----+--------+

Top non-repeatable levels by time:
     D:1: 520 daAuts
